 Dungeon Crawl Stone Soup version 0.30-b1-2-g02819fbbbe (webtiles) character file.

Game seed: 15021427606024686991

151027 manyhoops the Covert (level 16, -20/138 HPs)
             Began as a Demigod Earth Elementalist on Dec 1, 2023.
             Killed from afar by a deep elf zephyrmancer (34 damage)
             ... with a bolt of lightning
             ... on level 2 of the Elven Halls.
             The game lasted 01:04:14 (33911 turns).

manyhoops the Covert (Demigod Earth Elementalist)  Turns: 33911, Time: 01:04:14

Health: -20/138    AC: 12    Str:  7    XL:     16   Next: 45%
Magic:  24/47      EV: 12    Int: 48    God:
Gold:   3415       SH:  8    Dex: 14    Spells: 6/39 levels left

rFire   + . .        Q - staff of earth
rCold   + + .        B - +3 buckler of Huedd {Drain Fly rC+ rCorr}
rNeg    . . .        Z - +0 leather armour of Ymaop {rPois rC++ rCorr Str-2}
rPois   +            G - +3 hat of Pondering {ponderous, Will+ MP+10 Int+5}
rElec   .            a - +2 cloak
rCorr   +            v - +2 pair of gloves
SInv    .            (no boots)
Will    +++..        n - amulet of magic regeneration
Stlth   +++++        y - +6 ring of intelligence
HPRegen 0.43/turn    E - ring of fire
MPRegen 0.70/turn

%: no passive effects
@: flying, very slightly contaminated, invisible, slow
A: high MP 1, forlorn, divine attributes, strong-willed 1
a: no special abilities


You were on level 2 of the Elven Halls.
You visited 5 branches of the dungeon, and saw 25 of its levels.
You also visited: Gauntlet.

You collected 5103 gold pieces.
You spent 1688 gold pieces at shops.

Inventory:

Hand Weapons
 W - the +9 morningstar of Ceupy {speed, Fragile rCorr Int+2 SInv}
   (You bought it in a shop on level 2 of the Orcish Mines)

   Int:       It affects your intelligence (+2).
   SInv:      It lets you see invisible.
   rCorr:     It protects you from acid and corrosion.
   Fragile:   It will be destroyed if unequipped.
Missiles
 s - 5 throwing nets
Armour
 a - a +2 cloak (worn)
 v - a +2 pair of gloves (worn)
 B - the +3 buckler of Huedd (worn) {Drain Fly rC+ rCorr}
   (You bought it in a shop on level 6 of the Dungeon)

   rC:        It protects you from cold.
   Fly:       It grants you flight.
   rCorr:     It protects you from acid and corrosion.
   Drain:     It drains your maximum health when unequipped.
 G - the +3 hat of Pondering (worn) {ponderous, Will+ MP+10 Int+5}
   (You found it in a Gauntlet)

   Int:       It affects your intelligence (+5).
   MP:        It affects your magic capacity (+10).
   Will:      It increases your willpower.
 X - a +0 buckler of reflection
 Z - the +0 leather armour of Ymaop (worn) {rPois rC++ rCorr Str-2}
   (You found it on level 12 of the Dungeon)

   Str:       It affects your strength (-2).
   rC:        It greatly protects you from cold.
   rPois:     It protects you from poison.
   rCorr:     It protects you from acid and corrosion.
Magical Staves
 Q - a staff of earth (weapon)
Jewellery
 e - a ring of poison resistance
 f - the ring "Naxiam" {Wiz Stlth+}
   (You found it on level 1 of the Lair of Beasts)

   [ring of wizardry]

   It improves your spell success rate.
   Stlth:     It makes you more stealthy.
 n - an amulet of magic regeneration (around neck)
 o - the ring "Foerenass" {rF- rN+ Will++ rCorr Dex+6}
   (You found it in a Gauntlet)

   [ring of dexterity]

   Dex:       It affects your dexterity (+6).
   rF:        It makes you vulnerable to fire.
   rN:        It protects you from negative energy.
   rCorr:     It protects you from acid and corrosion.
   Will:      It greatly increases your willpower.
 u - a ring of protection from cold
 y - a +6 ring of intelligence (left hand)
 E - a ring of fire (right hand)
 J - the ring of Absolutism {Fly rF- rCorr MP+9 Dex+3}
   (You found it on level 6 of the Dungeon)

   [ring of resist corrosion]

   Dex:       It affects your dexterity (+3).
   rF:        It makes you vulnerable to fire.
   MP:        It affects your magic capacity (+9).
   Fly:       It grants you flight.
   rCorr:     It protects you from acid and corrosion.
 L - a ring of willpower
 N - a +5 ring of evasion
 Y - a ring of ice
Wands
 j - a wand of iceblast (27)
 q - a wand of flame (46)
 K - a wand of digging (1)
 O - a wand of polymorph (14)
 T - a wand of light (5)
 U - a wand of charming (17)
 V - a wand of mindburst (15)
Scrolls
 d - 6 scrolls of vulnerability
 h - 5 scrolls of fog
 k - 3 scrolls of teleportation
 l - 5 scrolls of noise
 w - 4 scrolls of poison
 C - a scroll of silence
 D - 2 scrolls of amnesia
 H - 4 scrolls of identify
 I - 2 scrolls of enchant weapon
 R - 4 scrolls of enchant armour
Potions
 b - 3 potions of magic
 c - 5 potions of brilliance
 g - 8 potions of attraction
 i - 2 potions of flight
 m - a potion of ambrosia
 p - 3 potions of might
 r - 12 potions of curing
 t - 6 potions of resistance
 x - 4 potions of mutation
 z - 2 potions of invisibility
 A - a potion of heal wounds
 F - a potion of cancellation
 M - 4 potions of haste
 S - 2 potions of lignification


   Skills:
 * Level 11.5 Fighting
 - Level 3.5 Armour
 - Level 4.4 Dodging
 * Level 12.6 Stealth
 - Level 5.1 Shields
 - Level 12.4 Spellcasting
 - Level 10.0 Conjurations
 - Level 7.4 Necromancy
 - Level 0.8 Transmutations
 - Level 6.3 Fire Magic
 - Level 11.1 Earth Magic
 - Level 7.5 Evocations


You had 6 spell levels left.
You knew the following spells:

 Your Spells              Type           Power      Damage    Failure   Level
a - Sandblast             Erth           100%       2d20      1%          1
b - Passwall              Tmut/Erth      76%        N/A       1%          2
c - Stone Arrow           Conj/Erth      100%       3d13      1%          3
d - Borgnjor's Vile Clut  Necr/Erth      54%        N/A       1%          5
e - Starburst             Conj/Fire      52%        6d14      10%         6
f - Fireball              Conj/Fire      52%        3d20      1%          5
g - Lee's Rapid Deconstr  Erth           58%        3d27*     1%          5
v - Iron Shot             Conj/Erth      57%        9d11      3%          6

Your spell library contained the following spells:

 Spells                   Type           Power      Damage    Failure   Level
 Foxfire                  Conj/Fire      100%       2x1d9     1%          1
 Kiss of Death            Conj/Necr      100%       2d13      1%          1
 Magic Dart               Conj           100%       1d8       1%          1
 Summon Small Mammal      Summ           100%       N/A       1%          1
 Mephitic Cloud           Conj/Pois/Air  58%        N/A       1%          3
 Volatile Blastmotes      Fire/Tloc      100%       2d18      1%          3
 Animate Dead             Necr           80%        N/A       1%          4
 Dispel Undead            Necr           80%        3d26      1%          4
 Leda's Liquefaction      Hex/Erth       45%        N/A       1%          4
 Petrify                  Tmut/Erth      92%        N/A       1%          4
 Iskenderun's Battlesphe  Conj           90%        2d14      1%          5
 Call Imp                 Summ           58%        N/A       2%          2
 Fulminant Prism          Conj/Hex       33%        3d15      2%          4
 Iskenderun's Mystic Bla  Conj/Tloc      67%        2d14      2%          4
 Anguish                  Hex/Necr       30%        N/A       3%          4
 Call Canine Familiar     Summ           29%        N/A       5%          3
 Confusing Touch          Hex            29%        N/A       5%          3
 Gell's Gravitas          Tloc           29%        N/A       5%          3
 Portal Projectile        Hex/Tloc       58%        N/A       5%          3
 Summon Guardian Golem    Hex/Summ       29%        N/A       5%          3
 Teleport Other           Tloc           29%        N/A       5%          3
 Vhi's Electric Charge    Tloc/Air       58%        N/A       5%          3
 Arcjolt                  Conj/Air       33%        1d43      6%          5
 Death Channel            Necr           40%        N/A       12%         6
 Manifold Assault         Tloc           29%        N/A       17%         4
 Olgreb's Toxic Radiance  Pois           29%        N/A       17%         4
 Plasma Beam              Fire/Air       37%        2x1d55    58%         6
 Eringya's Noxious Bog    Tmut/Pois      16%        N/A       92%         6
 Dispersal                Tloc           14%        N/A       95%         6
 Spellforged Servitor     Conj/Summ      33%        N/A       88%         7
 Enfeeble                 Hex            14%        N/A       100%        7
 Disjunction              Tloc           14%        N/A       100%        8


Dungeon Overview and Level Annotations

Branches:
Dungeon (15/15)            Temple (0/1) D:6            Lair (5/5) D:9
 Shoals (1/4) Lair:2       Spider (0/4) Lair:2        Slime (0/5) Lair:5
    Orc (2/2) D:12            Elf (2/3) Orc:2        Vaults (0/5) D:13
 Depths (0/4) D:15        Gauntlet (visited)

Shops:
D:6 *   Orc:2 !(!(   Elf:2 (   Shoals:1 [

Annotations:
D:10 2 transporters
Elf:1 1 runed translucent door, SushiGirl's ghost, journeyman DECj
Elf:2 3 runed translucent doors, Asterion; Donald


Innate Abilities, Weirdness & Mutations

You have an increased reservoir of magic. (+10% MP)
You shall have no god before yourself.
Your divine heritage dramatically boosts your attributes as you level up.
You are strong-willed. (Will+)


Message History

Aiming: Iron Shot (dangerous; 3% risk of failure)
Press: ? - help, Shift-Dir - straight line, f/p - Asterion
Aim: Asterion, wielding a +1 spectral broad axe, wearing a +3 ring mail of poison resistance and wearing a +0 kite shield (moderately wounded, 100% to hit)
You feel a surge of power!
You miscast Iron Shot.
The floor shifts beneath you alarmingly.
The deep elf archer shouts!
The +1 spectral broad axe hits you.
Asterion conjures a destructive force in the name of Makhleb!
The bolt of fire hits you! You resist.
The deep elf archer unwields a +0 short sword.
The deep elf archer wields a +0 longbow.
The deep elf archer shoots an arrow.
The arrow hits you!!
You hear a shout!
Unknown command.
Casting: Iron Shot (dangerous; 3% risk of failure)
Confirm with . or Enter, or press ? or * to list all spells.
Aiming: Iron Shot (dangerous; 3% risk of failure)
Press: ? - help, Shift-Dir - straight line, f/p - Asterion
Aim: Asterion, wielding a +1 spectral broad axe, wearing a +3 ring mail of poison resistance and wearing a +0 kite shield (moderately wounded, 100% to hit)
You feel a surge of power!
Asterion blocks the iron shot.
The +1 spectral broad axe hits you! x2; The +1 spectral broad axe disappears.
You block Asterion's attack. The +1 spectral broad axe hits you!
Asterion gores you but does no damage.
A deep elf zephyrmancer comes into view.
It is wielding a +0 long sword.
The deep elf archer shoots an arrow.
You block the arrow.
A +1 spectral broad axe comes into view.
Unknown command.
Unknown command.
Okay, then.
You fade into invisibility!
The +1 spectral broad axe hits you!!
* * * LOW HITPOINT WARNING * * *
Asterion hits you with a +1 spectral broad axe!
* * * LOW HITPOINT WARNING * * *
The +1 spectral broad axe closely misses you.
Asterion gores you!
* * * LOW HITPOINT WARNING * * *
The deep elf zephyrmancer gestures at you while chanting.
The bolt of lightning hits you!!
You die...

#e.#)###....... ###########....
..##.......##.##.##.)......?[...#
e..#.#......#.# .##.)..∩...###..#
e..#........#.##......)...[###..#
...#.#......#.#.###....)..<#....#
..##...)......e.# #........#.#.##
###..#.)##..#.#)###............#
........)e..#.##H(..).....##.###
.#.#.#...e......@###########.#
.......###.##.##.# #.# ##...###
#.##.##.######### #.# ##...##
#.##..).........###.#
......####.#####...##........#
.##........#####......##.#####
..#.....##.......#.#### #
.............#####.......
.......###.#.#############


You could see Asterion, 2 deep elf archers, a deep elf zephyrmancer (unable to
see you) and a +1 spectral broad axe.

Vanquished Creatures
  Gastronok (D:9)
  The ghost of LLlMATKO the Warrior, an adept MiBe of Trog (D:15)
  Louise (Elf:2)
  2 orc warlords (Orc:1)
  A stone giant (D:15)
  Nessos (Lair:5)
  2 deep elf demonologists
  A minotaur (Gauntlet)
  A yaktaur captain (D:12)
  A fire dragon (Lair:5)
  Josephine (D:12)
  6 hydras
  Harold (D:10)
  An ice dragon (D:12)
  Fannar (Orc:1)
  2 catoblepae
  9 centaur warriors
  5 boulder beetles
  2 ogre magi (D:15)
  12 two-headed ogres
  13 dancing weapons
  5 death yaks (Lair:5)
  6 tengu warriors
  Urug (Orc:1)
  3 orc high priests (Orc:2)
  9 deep elf knights
  2 skysharks
  5 skeletal warriors (D:15)
  A sixfirhy (Gauntlet)
  A lindwurm (Lair:5)
  31 deep elf pyromancers
  5 orc knights
  9 deep elf archers
  A necromancer (D:13)
  6 orc sorcerers
  20 deep elf zephyrmancers
  4 oklob plants (Lair:2)
  4 ugly things (D:15)
  8 cyclopes
  19 elephants
  4 manticores
  A water nymph (shapeshifter) (D:15)
  A gargoyle (D:12)
  3 molten gargoyles (Lair:5)
  6 torpor snails
  4 black mambas
  3 minotaur zombies (Gauntlet)
  An unseen horror (D:13)
  11 cane toads
  2 kobold demonologists (D:13)
  9 komodo dragons
  2 efreet
  A yaktaur (D:12)
  3 meliai (D:15)
  2 tengu conjurers (Gauntlet)
  2 polar bears
  11 blink frogs
  5 hornets (D:10)
  Grinder (D:6)
  9 trolls
  4 dream sheep
  15 slime creatures
  2 air elementals (Elf:2)
  A culicivora (Lair:2)
  A centaur simulacrum (D:15)
  A culicivora (shapeshifter) (D:12)
  4 shadows
  6 wraiths
  4 wyverns
  38 yaks
  A vampire (D:12)
  3 water elementals
  11 basilisks
  A fire elemental (Elf:1)
  15 vampire mosquitoes
  2 steam dragons (Lair:5)
  Edmund (D:6)
  Menkaure (D:7)
  6 acid dragons
  Duvessa (D:6)
  5 hell hounds (Lair:5)
  11 water moccasins
  2 floating eyes (D:10)
  4 black bears
  24 orc warriors
  9 ogres
  An ogre (shapeshifter) (D:13)
  24 centaurs
  Blork the orc (D:5)
  10 bullfrogs
  4 scorpions
  A gnoll sergeant (D:12)
  Dowan (D:6)
  12 killer bees
  10 electric eels
  6 howler monkeys
  5 lava snakes (Lair:5)
  2 jellies (D:6)
  5 hounds
  24 orc priests
  2 iguanas
  34 orc wizards
  2 hell rats (Lair:2)
  8 adders
  7 gnolls
  10 river rats (Lair:2)
  A shadow imp (D:6)
  A white imp (D:7)
  2 ufetubi (Gauntlet)
  A worm (D:2)
  4 dart slugs
  97 orcs
  6 ball pythons
  12 bats
  5 endoplasms
  4 giant cockroaches
  8 goblins
  4 hobgoblins
  3 jackals (D:1)
  3 kobolds
  5 quokkas
  A frilled lizard (D:2)
  3 rats
788 creatures vanquished.

Vanquished Creatures (others)
  5 dream sheep (D:4)
  22 demonic plants (Gauntlet)
  27 fungi
  34 plants
88 creatures vanquished.

Grand Total: 876 creatures vanquished

Notes
Turn   | Place    | Note
-------+----------+-------------------------------------------
     0 | D:1      | manyhoops the Demigod Earth Elementalist began the quest
                  | for the Orb.
     0 | D:1      | Reached XP level 1. HP: 14/14 MP: 5/5
   267 | D:1      | Reached XP level 2. HP: 20/20 MP: 5/7
   803 | D:2      | Reached XP level 3. HP: 13/26 MP: 2/9
  1563 | D:2      | Learned a level 2 spell: Passwall
  1567 | D:2      | Learned a level 3 spell: Stone Arrow
  1624 | D:2      | Reached XP level 4. HP: 33/33 MP: 9/11
  2602 | D:4      | Identified the amulet "Nylodeen" {RegenMP +Blink rF- Slay+5
                  | Stlth-}
  2738 | D:4      | Noticed an ogre
  2759 | D:4      | Reached XP level 5. HP: 37/39 MP: 10/12
  2764 | D:4      | Killed an ogre
  2765 | D:4      | Reached skill level 1 in Fighting
  2959 | D:4      | Noticed an ogre
  2991 | D:4      | Reached XP level 6. HP: 41/48 MP: 13/13
  3217 | D:4      | Noticed a dream sheep
  3217 | D:4      | Noticed a dream sheep
  3217 | D:4      | Noticed a dream sheep
  3217 | D:4      | Noticed a dream sheep
  3217 | D:4      | Noticed a dream sheep
  3218 | D:4      | Killed a dream sheep
  3218 | D:4      | Killed a dream sheep
  3218 | D:4      | Killed a dream sheep
  3218 | D:4      | Killed a dream sheep
  3218 | D:4      | Killed a dream sheep
  3488 | D:5      | Entered Level 5 of the Dungeon
  3640 | D:5      | Reached XP level 7. HP: 41/59 MP: 12/14
  3959 | D:5      | Reached skill level 5 in Stealth
  4070 | D:5      | Reached skill level 5 in Fighting
  4224 | D:5      | Noticed Blork the orc
  4231 | D:5      | Killed Blork the orc
  4995 | D:6      | Learned a level 5 spell: Fireball
  4995 | D:6      | Noticed Grinder
  4995 | D:6      | Paralysed by Grinder for 2 turns
  5003 | D:6      | Killed Grinder
  5004 | D:6      | Reached skill level 1 in Conjurations
  5004 | D:6      | Reached skill level 1 in Fire Magic
  5004 | D:6      | Reached XP level 8. HP: 44/70 MP: 12/15
  5289 | D:6      | Noticed Dowan
  5295 | D:6      | Noticed Duvessa
  5318 | D:6      | HP: 3/70 [poisoned by a killer bee]
  5319 | D:6      | Killed Duvessa
  5589 | D:6      | Identified the ring of the Country {Ice Contam Str+9}
  5658 | D:6      | Found Ea-nāṣir's Fine Metal Goods.
  5662 | D:6      | Bought a bloodstained buckler for 275 gold pieces
  5662 | D:6      | Identified the +3 buckler of Huedd {Drain Fly rC+ rCorr}
                  | (You bought it in a shop on level 6 of the Dungeon)
  5691 | D:6      | Identified the ring of Absolutism {Fly rF- rCorr MP+9
                  | Dex+3}
  5811 | D:6      | Noticed Edmund
  5833 | D:6      | Killed Dowan
  5855 | D:6      | Reached skill level 1 in Shields
  6027 | D:6      | Found a staircase to the Ecumenical Temple.
  6037 | D:6      | Killed Edmund
  6038 | D:6      | Reached XP level 9. HP: 55/75 MP: 17/17
  6796 | D:7      | Noticed Menkaure
  6798 | D:7      | Killed Menkaure
  6951 | D:7      | Identified the +1 ring mail "Eweagups" {Rampage}
  7192 | D:7      | Gained mutation: Armour fits poorly on your strangely
                  | shaped body. [potion of mutation]
  7192 | D:7      | Gained mutation: You are partially covered in iridescent
                  | scales. (AC +2) [potion of mutation]
  7192 | D:7      | Gained mutation: You are covered in fur. (AC +1) [potion of
                  | mutation]
  7435 | D:8      | Reached skill level 5 in Shields
  8266 | D:8      | Noticed a catoblepas
  8267 | D:8      | Noticed a five-headed hydra
  8377 | D:8      | Noticed a two-headed ogre
  8683 | D:9      | Noticed Gastronok
  8703 | D:9      | Killed Gastronok
  8704 | D:9      | Reached skill level 5 in Conjurations
  8704 | D:9      | Reached skill level 5 in Fire Magic
  8704 | D:9      | Reached XP level 10. HP: 56/86 MP: 5/18
  9066 | D:9      | Found a staircase to the Lair.
 10119 | D:10     | Entered Level 10 of the Dungeon
 10162 | D:10     | Reached skill level 5 in Spellcasting
 10344 | D:10     | Paralysed by a floating eye for 4 turns
 10623 | D:10     | Noticed a two-headed ogre
 10628 | D:10     | Killed a two-headed ogre
 10789 | D:10     | Reached XP level 11. HP: 92/92 MP: 25/25
 10794 | D:10     | Noticed a sixfirhy
 10877 | D:10     | Paralysed by a hornet for 3 turns
 10988 | D:10     | Noticed a skeletal warrior
 10988 | D:10     | Noticed a yaktaur captain
 10991 | D:10     | Found a transporter.
 10994 | D:10     | Noticed a five-headed hydra
 11000 | D:10     | Found a transporter.
 11055 | D:10     | Learned a level 5 spell: Borgnjor's Vile Clutch
 11090 | D:10     | Identified the +6 flail of Precise Incision {heavy, rC-
                  | Will+ Dex+3}
 11158 | D:10     | Noticed a two-headed ogre
 11164 | D:10     | Killed a two-headed ogre
 11483 | D:10     | Noticed Harold
 11490 | D:10     | Killed Harold
 11651 | D:10     | Identified a scroll of acquirement
 11654 | D:10     | Acquired 1235 gold pieces
 11721 | D:11     | Reached skill level 5 in Necromancy
 12546 | D:12     | Noticed Josephine
 12552 | D:12     | Killed Josephine
 12718 | D:12     | Noticed a boulder beetle
 12905 | D:12     | Found a staircase to the Orcish Mines.
 13005 | D:13     | Noticed a boulder beetle
 13008 | D:13     | Reached skill level 1 in Evocations
 13011 | D:13     | Noticed a six-headed hydra
 13166 | Lair:1   | Entered Level 1 of the Lair of Beasts
 13420 | Lair:1   | Reached XP level 12. HP: 100/100 MP: 19/27
 13508 | Lair:1   | Reached skill level 5 in Evocations
 13621 | Lair:1   | Identified the ring "Naxiam" {Wiz Stlth+}
 14649 | Lair:2   | Found a hole to the Spider Nest.
 14941 | Lair:2   | Found a staircase to the Shoals.
 15900 | Lair:2   | Learned a level 6 spell: Iron Shot
 15948 | Lair:3   | Reached skill level 5 in Earth Magic
 16022 | Lair:3   | Noticed a catoblepas
 16032 | Lair:3   | Killed a catoblepas
 17470 | Lair:4   | Found a gate leading to a gauntlet.
 17482 | Gauntlet | Entered a Gauntlet
 17482 | Gauntlet | Found a transporter.
 17492 | Gauntlet | Found a transporter.
 17507 | Gauntlet | Found a transporter.
 17510 | Gauntlet | Noticed a dire elephant
 17512 | Gauntlet | Found a transporter.
 17515 | Gauntlet | Noticed a six-headed hydra
 17529 | Gauntlet | Found a transporter.
 17539 | Gauntlet | Found the +3 hat of Pondering {ponderous, Will+ MP+10
                  | Int+5}
 17547 | Gauntlet | Found a transporter.
 17559 | Gauntlet | Found a transporter.
 17567 | Gauntlet | Found a transporter.
 17584 | Gauntlet | Found a transporter.
 17596 | Gauntlet | Found a transporter.
 17608 | Gauntlet | Found a transporter.
 17627 | Gauntlet | Found a transporter.
 17642 | Gauntlet | Found a transporter.
 17644 | Gauntlet | Found a transporter.
 17670 | Gauntlet | Found a transporter.
 17672 | Gauntlet | Found a transporter.
 17784 | Gauntlet | Found a transporter.
 17784 | Gauntlet | Found a transporter.
 18060 | Gauntlet | Killed a six-headed hydra
 18164 | Gauntlet | Identified the ring "Foerenass" {rF- rN+ Will++ rCorr
                  | Dex+6}
 18215 | Gauntlet | Identified the +1 flail of the Hidden Vale {flame, Str+3}
 18215 | Gauntlet | Noticed a minotaur
 18253 | Gauntlet | Killed a minotaur
 18254 | Gauntlet | Reached XP level 13. HP: 59/105 MP: 25/28
 18511 | Gauntlet | Got the Folio of Blight and Allies
 19799 | Orc:1    | Entered Level 1 of the Orcish Mines
 19845 | Orc:1    | Noticed Fannar
 19852 | Orc:1    | Killed Fannar
 20048 | Orc:1    | Noticed Urug
 20056 | Orc:1    | Killed Urug
 20172 | Orc:1    | Noticed an orc warlord
 20172 | Orc:1    | Noticed an orc warlord
 20227 | Orc:1    | Killed an orc warlord
 20278 | Orc:1    | Killed an orc warlord
 20570 | Orc:2    | Entered Level 2 of the Orcish Mines
 20777 | Orc:2    | Found a staircase to the Elven Halls.
 21163 | Orc:2    | Reached skill level 10 in Earth Magic
 21172 | Orc:2    | Found Kecekh's Distillery.
 21568 | Orc:2    | Found Gagops's Weapon Emporium.
 21573 | Orc:2    | Found Juq Dyha's Antique Weapon Shop.
 21629 | Orc:2    | Found Xoaps's Distillery.
 21637 | Orc:2    | Bought a potion of curing for 42 gold pieces
 21637 | Orc:2    | Bought a potion of curing for 42 gold pieces
 21639 | Orc:2    | Bought a potion of heal wounds for 60 gold pieces
 21639 | Orc:2    | Bought a potion of magic for 96 gold pieces
 21639 | Orc:2    | Bought a potion of curing for 36 gold pieces
 21639 | Orc:2    | Bought a potion of haste for 120 gold pieces
 21639 | Orc:2    | Bought a potion of magic for 96 gold pieces
 21639 | Orc:2    | Bought a potion of heal wounds for 60 gold pieces
 21649 | Orc:2    | Bought a potion of mutation for 112 gold pieces
 21649 | Orc:2    | Bought a potion of mutation for 112 gold pieces
 21649 | Orc:2    | Bought a potion of mutation for 112 gold pieces
 21649 | Orc:2    | Lost mutation: You are covered in fur. (AC +1) [potion of
                  | mutation]
 21649 | Orc:2    | Lost mutation: You are partially covered in iridescent
                  | scales. (AC +2) [potion of mutation]
 21649 | Orc:2    | Gained mutation: Your muscles are strong. (Str +4, Int/Dex
                  | -1) [potion of mutation]
 21649 | Orc:2    | Gained mutation: You are agile. (Dex +4, Str/Int -1)
                  | [potion of mutation]
 21650 | Orc:2    | Lost mutation: Your muscles are strong. (Str +4, Int/Dex
                  | -1) [potion of mutation]
 21650 | Orc:2    | Lost mutation: You are agile. (Dex +4, Str/Int -1) [potion
                  | of mutation]
 21650 | Orc:2    | Lost mutation: Armour fits poorly on your strangely shaped
                  | body. [potion of mutation]
 21650 | Orc:2    | Gained mutation: You are strong-willed. (Will+) [potion of
                  | mutation]
 21953 | D:12     | Reached skill level 10 in Conjurations
 22003 | D:12     | Reached XP level 14. HP: 110/113 MP: 29/29
 22824 | D:12     | Identified the +0 leather armour of Ymaop {rPois rC++ rCorr
                  | Str-2}
 23224 | D:12     | Reached skill level 1 in Armour
 23771 | D:13     | Acquired 843 gold pieces
 24568 | D:13     | Found a gate to the Vaults.
 25799 | D:14     | Learned a level 6 spell: Starburst
 25815 | D:15     | Entered Level 15 of the Dungeon
 26408 | D:15     | Found a runed translucent door.
 26410 | D:15     | Noticed LLlMATKO's ghost (adept MiBe)
 26447 | D:15     | Reached skill level 10 in Spellcasting
 26465 | D:15     | Reached XP level 15. HP: 100/123 MP: 7/34
 27129 | D:15     | Found a staircase to the Depths.
 27358 | D:15     | Killed LLlMATKO's ghost
 27715 | Lair:5   | Entered Level 5 of the Lair of Beasts
 29021 | Lair:5   | Found a large runed translucent door.
 29021 | Lair:5   | Found a large runed translucent door.
 29709 | Lair:5   | Found a staircase to the Slime Pits.
 29713 | Lair:5   | Noticed Nessos
 29719 | Lair:5   | Killed Nessos
 30377 | Shoals:1 | Entered Level 1 of the Shoals
 30377 | Shoals:1 | Found Cikul's Antique Armour Boutique.
 30609 | Elf:1    | Entered Level 1 of the Elven Halls
 30618 | Elf:1    | Reached skill level 10 in Stealth
 31142 | Elf:1    | Learned a level 5 spell: Lee's Rapid Deconstruction
 31211 | Elf:1    | Found a runed translucent door.
 31211 | Elf:1    | Noticed SushiGirl's ghost (journeyman DECj)
 31214 | Elf:1    | Identified the +11 morningstar "Kuasch" {chaos, rN+ rCorr
                  | Dex+2}
 31523 | Elf:1    | Reached skill level 10 in Fighting
 31755 | Elf:1    | Reached XP level 16. HP: 119/134 MP: 34/37
 32800 | Orc:2    | Bought a fading war axe for 255 gold pieces
 32800 | Orc:2    | Identified the +5 war axe of Megalomania {venom, Dex+4}
                  | (You bought it in a shop on level 2 of the Orcish Mines)
 32800 | Orc:2    | Bought a brightly glowing morningstar for 270 gold pieces
 32800 | Orc:2    | Identified the +9 morningstar of Ceupy {speed, Fragile
                  | rCorr Int+2 SInv} (You bought it in a shop on level 2 of
                  | the Orcish Mines)
 32915 | Elf:2    | Noticed Louise
 32920 | Elf:2    | Killed Louise
 33017 | Elf:2    | Noticed Donald
 33260 | Elf:2    | Found Hepe's Antique Weapon Boutique.
 33261 | Elf:2    | Paralysed by an air elemental for 1 turns
 33492 | Elf:2    | Found a runed translucent gate.
 33492 | Elf:2    | Found a runed translucent gate.
 33492 | Elf:2    | Found a runed translucent gate.
 33904 | Elf:2    | Noticed Asterion
 33911 | Elf:2    | Killed from afar by a deep elf zephyrmancer

Illustrated notes

Levels and vault maps discovered:
D:1:      dpeg_arrival_refuge, layout_basic
D:2:      layout_basic, ebering_ecumenical_altar_webs, nrook_mini_vaults
D:3:      layout_loops_ring
D:4:      layout_loops_ring, mainiacjoe_overflow_alcove_1,
          kb_xom_exploding_sheep, amcnicky_mini_rare_corridor_liquid,
          st_stairs_8
D:5:      layout_layer_cave, uniq_blork_the_orc
D:6:      layout_rooms, nicolae_overflow_crystal_walls,
          nicolae_ru_great_annihilating_truth, minmay_temple_entry_offerings,
          nicolae_ea-nasir_strikes_again, interstate_on_off, uniq_duvessa,
          uniq_grinder, uniq_edmund
D:7:      layout_rooms, nicolae_qazlal_eye_of_the_storm,
          mainiacjoe_overflow_small_starburst, uniq_menkaure
D:8:      layout_loops_ring, mainiacjoe_overflow_tiny_flanked,
          lightli_corner_chamber
D:9:      layout_layer_cave, nicolae_vehumet_radiance,
          grunt_temple_overflow_open, dpeg_oklobed_lair, uniq_gastronok
D:10:     hellmonk_paralyzer, layout_basic, gammafunk_temple_overflow_arena,
          tso_metal_star, mainiacjoe_overflow_cross_hatched, serial_glass,
          glass_columns_c, glass_columns_b, uniq_harold
D:11:     layout_loops_cross, kennysheep_pointless_box, elyvilon_altar_5
D:12:     evilmike_diamond_2, layout_cave_pods, david_orc_5,
          serial_column_ruins, column_ruins_circle_large, column_ruins_hut,
          column_ruins_corridor_straight, column_ruins_grid_1,
          column_ruins_grid_3, column_ruins_open_tiny, column_ruins_open_medium,
          uniq_josephine
D:13:     layout_cave_pools, david_vaults_4
D:14:     layout_irregular_city, minmay_misc_feat_pillars,
          chequers_serial_rivers_micro_d
D:15:     grunt_enter_depths_snipers, layout_loops_ring,
          corexii_leaking_fountain, hellmonk_ghost_happy_afterlife
Lair:1:   layout_hall_layers, kennysheep_snail_temple
Lair:2:   minmay_lair_oklob_chamber, layout_layer_cave, shoals_dummy_entry,
          spider_nest_entry_rubble, serial_bayou, serial_bayou_crossing,
          serial_bayou_lake_a, serial_bayou_pond_d, serial_bayou_shore_b,
          kennysheep_rathole
Lair:3:   layout_layer_cave
Lair:4:   layout_roguey, gauntlet_entry_generic, beast_lair_carwin_2,
          grunt_megastairs_3, serial_bayou_shore_b
Lair:5:   cheibrodos_lair_end_hotspot, layout_cave_pods, slime_entry_1,
          infiniplex_staircase_pool_2, uniq_nessos
Shoals:1: layout_shoals, serial_shops, nicolae_shop_tiny_glass, shop,
          shop_fountains
Orc:1:    cheibrodos_orc_arena, layout_caves, uniq_urug, uniq_fannar
Orc:2:    st_orc_elflike, layout_caves, nicolae_orc_rich_vein
Elf:1:    eino_elf_arrival_sip, layout_geoelf_diagonals, ebering_ghost_xom,
          hangedman_elven_crosses_minicolossus
Elf:2:    elven_hall_of_blades_hangedman_original
          [nicolae_blade_entry_area_security], layout_loops_cross,
          mu_enter_wizlab_4, serial_shops, shop, nrook_mini_backslash,
          uniq_zenata, uniq_donald, uniq_louise, uniq_asterion

Skill      XL: |  1  2  3  4  5  6  7  8  9 10 11 12 13 14 15 16 |
---------------+-------------------------------------------------+-----
Earth Magic    | 3 4 7 11 | 11.1
Spellcasting   | 2 3 6 7 10 12 | 12.4
Stealth        | 3 4 5 6 8 11 12 | 12.6
Fighting       | 1 4 5 7 8 10 11 | 11.5
Conjurations   | 1 4 5 6 7 10 | 10.0
Fire Magic     | 1 4 5 6 |  6.3
Shields        | 2 5 |  5.1
Necromancy     | 7 |  7.4
Evocations     | 4 7 |  7.5
Dodging        | 4 |  4.4
Armour         | 3 |  3.5
Transmutations | |  0.8

Action                     |  1- 3 |  4- 6 |  7- 9 | 10-12 | 13-15 | 16-18 || total
---------------------------+-------+-------+-------+-------+-------+-------++-------
  Melee: Unarmed           |     9 |       |       |       |       |       ||     9
         Dagger            |     5 |    11 |       |       |       |       ||    16
         Staff             |       |       |       |     1 |     3 |     4 ||     8
   Cast: Sandblast         |    66 |    62 |   204 |   256 |   151 |     5 ||   744
         Stone Arrow       |       |       |    24 |   116 |   240 |    39 ||   419
         Fireball          |       |       |     3 |    76 |   138 |    29 ||   246
         Borgnjor's Vile C |       |       |       |    11 |    29 |     1 ||    41
         Iron Shot         |       |       |       |     3 |   179 |    19 ||   201
         Lee's Rapid Decon |       |       |       |       |     4 |     7 ||    11
         Starburst         |       |       |       |       |     1 |       ||     1
Ability: Evoke Blink       |       |     1 |       |       |       |       ||     1
  Evoke: Wand              |       |       |     2 |       |       |     1 ||     3
    Use: Scroll            |     2 |     2 |    14 |    11 |    13 |     3 ||    45
         Potion            |       |     4 |    10 |     6 |     6 |     2 ||    28
   Stab: Sleeping          |       |       |       |       |     1 |       ||     1
 Armour: Robe              |    19 |     8 |    39 |   119 |    41 |       ||   226
         Leather armour    |       |       |       |       |    85 |     9 ||    94
  Dodge: Dodged            |    61 |    45 |    96 |   155 |   194 |    17 ||   568
  Block: Buckler           |       |       |    46 |   126 |   168 |    20 ||   360
